 Dungeon Crawl Stone Soup version 0.31-a0-121-g1e386dd289 (webtiles) character file.

Game seed: 7362369252618499352

77 mopl the Caller (level 4, 0/30 HPs)
             Began as a Merfolk Summoner on May 31, 2023.
             Succumbed to an adder's poison
             ... on level 2 of the Dungeon.
             The game lasted 00:02:30 (1603 turns).

mopl the Caller (Merfolk Summoner)                  Turns: 1603, Time: 00:02:30

Health: 0/30       AC:  2    Str:  8    XL:     4   Next: 34%
Magic:  7/8        EV: 13    Int: 16    God:
Gold:   57         SH:  0    Dex: 20    Spells: 6/9 levels left

rFire   . . .        l - +0 spear
rCold   . . .        (no shield)
rNeg    . . .        a - +0 robe
rPois   .            (no helmet)
rElec   .            (no cloak)
rCorr   .            (no gloves)
SInv    .            (no boots)
Will    .....        (no amulet)
Stlth   ++           m - +6 ring of dexterity
HPRegen 0.25/turn    (no ring)
MPRegen 0.11/turn

%: no passive effects
@: lethally poisoned (0 -> -5), invisible
A: (nimble swimmer 2), mertail
a: no special abilities


You were on level 2 of the Dungeon.
You visited 1 branch of the dungeon, and saw 2 of its levels.

You collected 57 gold pieces.

Inventory:

Hand Weapons
 g - a +2 dagger of protection
 l - a +0 spear (weapon)
Armour
 a - a +0 robe (worn)
Jewellery
 m - a +6 ring of dexterity (left hand)
Scrolls
 f - a scroll of magic mapping {unknown}
 h - a scroll of identify {unknown}
 i - a scroll of teleportation {unknown}
 j - a scroll of vulnerability {unknown}
 k - a scroll of enchant armour {unknown}
Potions
 b - a potion of magic
 c - a potion of invisibility
 d - a potion of cancellation {unknown}
 e - a potion of brilliance {unknown}
 n - a potion of curing {unknown}


   Skills:
 + Level 0.3 Polearms
 - Level 2.6 Dodging
 - Level 2.1 Stealth
 + Level 3.2 Spellcasting
 + Level 4.9 Summonings


You had 6 spell levels left.
You knew the following spells:

 Your Spells              Type           Power      Damage    Failure   Level
a - Summon Small Mammal   Summ           72%        N/A       2%          1
b - Call Imp              Summ           36%        N/A       3%          2

Your spell library contained the following spells:

 Spells                   Type           Power      Damage    Failure   Level
 Call Canine Familiar     Summ           18%        N/A       8%          3
 Summon Guardian Golem    Hex/Summ       10%        N/A       21%         3
 Ensorcelled Hibernation  Hex/Ice        4%         N/A       28%         2
 Passwall                 Tmut/Erth      1%         N/A       28%         2
 Sublimation of Blood     Necr           2%         N/A       28%         2
 Swiftness                Air            2%         N/A       50%         3
 Summon Lightning Spire   Summ/Air       10%        N/A       54%         4
 Petrify                  Tmut/Erth      2%         N/A       88%         4
 Irradiate                Conj/Tmut      1%         3d12      99%         5


Dungeon Overview and Level Annotations

Branches:
Dungeon (2/15)

Altars:


Innate Abilities, Weirdness & Mutations

((You are very nimble when in or above water. (Stealth+, EV+, Speed+++)))
Your lower body shifts to a powerful aquatic tail in water.


Message History

The adder is severely wounded.
You feel very sick. The adder barely misses you.
Your quokka misses the adder. The adder bites you.
You are more poisoned.
The adder poisons you!
You closely miss the adder.
The adder is severely wounded.
You feel very sick.
Your quokka barely misses the adder.
The adder bites you.
You are lethally poisoned!
The adder poisons you!
You are too injured to fight recklessly!
You are too injured to fight recklessly!
Casting: Summon Small Mammal (safe; 2% risk of failure)
Confirm with . or Enter, or press ? or * to list all spells.
* * * LOW HITPOINT WARNING * * *
You feel very sick.
Your quokka closely misses the adder.
The adder closely misses you.
Your quokka barely misses the adder.
Unknown command.
You swap places.
* * * LOW HITPOINT WARNING * * *
You feel very sick. The adder completely misses you.
Your bat hits the adder but does no damage.
Your quokka misses the adder. The adder misses you.
You miss the adder.
The adder is severely wounded.
* * * LOW HITPOINT WARNING * * *
You feel sick.
Your quokka bites the adder.
The adder closely misses you.
Unknown command.
You closely miss the adder.
The adder is almost dead.
* * * LOW HITPOINT WARNING * * *
You feel very sick.
Your bat hits the adder.
Unknown command.
It was a potion of invisibility.
You fade into invisibility!
You die...

#.....#.#
#.....#.#
#.....#.#
#.......#
#....####
###.###########
#...#.?......
###.#........
#.#@.......
#.'...b....
###rS......
#####.... ###


You could see an adder (unable to see you, ally target), a friendly quokka
(summoned) and a friendly bat (summoned).

Vanquished Creatures
  A gnoll (D:2)
  An adder (D:2)
  3 ball pythons
  2 endoplasms (D:2)
  3 giant cockroaches
  4 hobgoblins
  A kobold (D:1)
  A quokka (D:1)
  3 frilled lizards (D:2)
  6 goblins
  4 rats
29 creatures vanquished.

Vanquished Creatures (collateral kills)
  2 gnolls (D:2)
  2 giant cockroaches (D:1)
  2 goblins (D:1)
  A hobgoblin (D:1)
7 creatures vanquished.

Grand Total: 36 creatures vanquished

Notes
Turn   | Place    | Note
-------+----------+-------------------------------------------
     0 | D:1      | mopl the Merfolk Summoner began the quest for the Orb.
     0 | D:1      | Reached XP level 1. HP: 13/13 MP: 3/3
   293 | D:1      | Reached XP level 2. HP: 10/19 MP: 5/5
   407 | D:1      | Learned a level 2 spell: Call Imp
  1219 | D:1      | Reached XP level 3. HP: 24/24 MP: 6/6
  1408 | D:2      | Reached skill level 3 in Spellcasting
  1409 | D:2      | Reached XP level 4. HP: 25/30 MP: 3/8
  1602 | D:2      | HP: 1/30 [poisoned by an adder]
  1603 | D:2      | Succumbed to an adder's poison

Illustrated notes

Levels and vault maps discovered:
D:1:      amcnicky_arrival_single_pillar, layout_basic, minmay_misc_feat_rows
D:2:      layout_basic, nicolae_concentric_dashed_squares_wild

Skill      XL: |  1  2  3 |
---------------+----------+-----
Spellcasting   | 3 |  3.2
Polearms       | |  0.3
Dodging        | |  2.6
Stealth        | |  2.1
Summonings     | |  4.9

Action                     |  1- 3 |  4- 6 || total
---------------------------+-------+-------++-------
  Melee: Unarmed           |    60 |       ||    60
         Dagger            |    58 |     8 ||    66
         Whip              |     8 |       ||     8
         Punch             |     1 |       ||     1
         Spear             |       |    28 ||    28
   Cast: Summon Small Mamm |    16 |     2 ||    18
         Call Imp          |     2 |       ||     2
    Use: Potion            |       |     1 ||     1
   Stab: Sleeping          |     4 |     1 ||     5
         Distracted        |     1 |     1 ||     2
 Armour: Robe              |    24 |     3 ||    27
  Dodge: Dodged            |    77 |    13 ||    90

Table legend: (Time is in decaauts)
 A = Elapsed time spent in this place.
 B = Non-inter-level travel time spent in this place.
 C = Inter-level travel time spent in this place.
 D = Time resting spent in this place.
 E = Time spent auto-exploring this place.
 F = Levels seen in this place.
 G = Mean time per level.
                   A        B        C        D        E       F      G
               +--------+--------+--------+--------+--------+-----+--------+
         Total |   1603 |   1564 |     39 |    215 |    988 |   2 |  801.5 |
       Dungeon |   1603 |   1564 |     39 |    215 |    988 |   2 |  801.5 |
               +--------+--------+--------+--------+--------+-----+--------+

Top non-repeatable levels by time:
     D:1: 1259 daAuts
     D:2: 344 daAuts
